 Dungeon Crawl Stone Soup version 0.27-a0-343-gfcad680f63 (webtiles) character file.

Game seed: 14243457679456592011

152 tilp the Insei (level 5, -5/34 HPs)
             Began as an Octopode Transmuter on Feb 14, 2021.
             Was an Initiate of Okawaru.
             Slain by a wraith (14 damage)
             ... in an ossuary.
             The game lasted 00:05:24 (4002 turns).

tilp the Insei (Octopode Transmuter)                Turns: 4002, Time: 00:05:25

Health: -5/34      AC:  1    Str: 10    XL:     5   Next: 34%
Magic:  8/8        EV: 13    Int: 22    God:    Okawaru [......]
Gold:   175        SH:  0    Dex: 12    Spells: 2/8 levels left

rFire    . . .     SeeInvis .     - Unarmed
rCold    . . .     Faith    .   (no shield)
rNeg     . . .     Spirit   .   (helmet restricted)
rPois    .         Reflect  .   (no amulet)
rElec    .         Harm     .   f - +6 ring of intelligence
rCorr    .         Rampage  .   (no ring)
Will     .....                  (no ring)
Stlth    +++.......             (no ring)
HPRegen  0.11/turn              (no ring)
MPRegen  0.11/turn              (no ring)
                                (no ring)
                                (no ring)

@: slowed, very slow
A: almost no armour, stealthy swim, amphibious, 8 rings, constrict 8, camouflage
1, gelatinous body 1
a: Renounce Religion


You were in an ossuary.
You worshipped Okawaru.
Okawaru was noncommittal.
You visited 1 branch of the dungeon, and saw 4 of its levels.
You also visited: Ossuary.

You collected 175 gold pieces.

Inventory:

Missiles
 c - 9 poisoned darts
 e - 7 silver boomerangs (quivered)
Jewellery
 f - a +6 ring of intelligence (left tentacle)
Wands
 i - a wand of digging (5)
 m - a wand of charming (5)
Scrolls
 h - 2 scrolls of teleportation
 n - a scroll of immolation {unknown}
Potions
 a - a potion of flight
 d - 2 potions of attraction
 j - a potion of berserk rage {unknown}
 k - a potion of heal wounds {unknown}
 l - a potion of curing {unknown}
 o - a potion of lignification {unknown}


   Skills:
 - Level 2.0 Fighting
 - Level 2.0 Dodging
 - Level 4.0 Stealth
 + Level 4.6 Unarmed Combat
 - Level 2.0 Spellcasting
 - Level 2.0 Transmutations


You had 2 spell levels left.
You knew the following spells:

 Your Spells              Type           Power        Failure   Level
a - Beastly Appendage     Tmut           22%          6%          1
b - Wereblood             Tmut           11%          9%          2
c - Spider Form           Tmut/Pois      3%           26%         3

Your spell library contained the following spells:

 Spells                   Type           Power        Failure   Level
 Ice Form                 Ice/Tmut       6%           65%         4
 Blade Hands              Tmut           5%           86%         5


Dungeon Overview and Level Annotations

Branches:
Dungeon (4/15)            Ossuary (1/1)
 Temple: D:4-7

Altars:
Elyvilon
Fedhas
Kikubaaqudgha
Okawaru
Qazlal
Wu Jian

Annotations:
D:2 1 runed translucent door, exclusions: adder, ball python, hobgoblin and rat, Crazy Yiuf, Natasha


Innate Abilities, Weirdness & Mutations

You cannot wear most types of armour.
You are very stealthy in the water. (Stealth+)
You are amphibious.
You can wear up to eight rings at the same time.
You can use your tentacles to constrict eight enemies at once.
Your skin changes colour to match your surroundings (Stealth+).
Your rubbery body absorbs attacks. (AC +1, EV +1)


Message History

You throw a silver boomerang.
The silver boomerang completely misses the wraith.
Unknown command.
Throw: 7 boomerangs (silver)
Press: ? - help, Q - select action, (/) - cycle Shift-Dir - straight line, f/p - wraith
Aim: a wraith (63% to hit)
You throw a silver boomerang.
The silver boomerang closely misses the wraith.
Your primal bloodlust has ended.
You closely miss the wraith. The wraith closely misses you.
You tentacle-slap the wraith.
The wraith is lightly damaged.
The wraith misses you.
You tentacle-slap the wraith but do no damage.
You tentacle-slap the wraith but do no damage.
The wraith hits you!
* * * LOW HITPOINT WARNING * * *
The wraith drains your vigour!
You feel yourself slow down.
You closely miss the wraith. The wraith closely misses you.
The wraith hits you.
* * * LOW HITPOINT WARNING * * *
The wraith drains your vigour!
You feel as though you will be slow longer.
Aiming: Charm
Press: ? - help, Shift-Dir - straight line, f/p - wraith
Aim: a wraith (chance to affect: 15%)
The wraith resists with almost no effort.
The wraith barely misses you.
Aiming: Charm
Press: ? - help, Shift-Dir - straight line, f/p - wraith
Aim: a wraith (chance to affect: 15%)
The wraith resists with almost no effort.
The wraith hits you but does no damage. The wraith completely misses you.
Unknown command.
Aiming: Charm
Press: ? - help, Shift-Dir - straight line, f/p - wraith
Aim: a wraith (chance to affect: 15%)
The wraith resists with almost no effort.
The wraith hits you!
You die...

###########################
#.........................#
#.∩.....................∩.#
#.......#####'#####.......#
#......##....@....##......#
#.....##...##W##...##.....#
#....##...##...##...##....#
#....#...##.!?!.# ...#....#
#....'...#..?!?!. ..+....#
#....#...##.!??.##...#....#
#....##...##...##...##....#
#.....##...#####...##.....#
#......##.........##......#


You could see a wraith.

Vanquished Creatures
  A mummy (Ossuary)
  5 adders
  5 dart slugs
  2 leopard geckos (D:1)
  2 orcs (D:3)
  4 giant cockroaches
  6 goblins
  9 hobgoblins
  3 jackals (D:1)
  5 kobolds
  A quokka (D:3)
  2 ball pythons
  4 bats
  3 frilled lizards
  7 gnoll skeletons (Ossuary)
  4 kobold skeletons (Ossuary)
  14 orc skeletons (Ossuary)
  11 rats
88 creatures vanquished.

Notes
Turn   | Place    | Note
-------+----------+-------------------------------------------
     0 | D:1      | tilp the Octopode Transmuter began the quest for the Orb.
     0 | D:1      | Reached XP level 1. HP: 13/13 MP: 3/3
    66 | D:1      | Reached skill level 1 in Stealth
   437 | D:1      | Reached XP level 2. HP: 18/18 MP: 3/5
   440 | D:1      | Learned a level 2 spell: Wereblood
   996 | D:1      | Reached XP level 3. HP: 23/23 MP: 4/6
  1000 | D:1      | Learned a level 3 spell: Spider Form
  1372 | D:2      | Noticed Natasha
  1443 | D:2      | Found an iron altar of Okawaru.
  1507 | D:2      | Became a worshipper of Warmaster Okawaru
  1809 | D:2      | Reached XP level 4. HP: 20/29 MP: 7/7
  1961 | D:2      | Found a runed translucent door.
  1962 | D:2      | Noticed Crazy Yiuf
  2630 | D:3      | Found a stormy altar of Qazlal.
  2634 | D:3      | Found a white marble altar of Elyvilon.
  3417 | D:3      | Reached XP level 5. HP: 29/34 MP: 6/8
  3472 | D:3      | Found a faded altar of an unknown god.
  3472 | D:3      | Found a blossoming altar of Fedhas.
  3479 | D:3      | Found an ancient bone altar of Kikubaaqudgha.
  3481 | D:3      | Found a faded altar of an unknown god.
  3483 | D:3      | Found an ornate altar of the Wu Jian Council.
  3564 | D:4      | Found a sand-covered staircase.
  3569 | Ossuary  | Entered an ossuary
  3569 | Ossuary  | Noticed a wraith
  3569 | Ossuary  | Noticed a wraith
  3569 | Ossuary  | Noticed a wraith
  3929 | Ossuary  | Noticed a wraith
  4002 | Ossuary  | Slain by a wraith

Illustrated notes

Levels and vault maps discovered:
D:1:      evilmike_arrival_fibonacci_small, layout_loops_ring, minmay_quantized
D:2:      lemuel_upstairs_altar, layout_basic, okawaru_ov_weapons_minmay,
          serial_curves, eino_curves_02, eino_curves_02, eino_curves_03,
          uniq_natasha, uniq_crazy_yiuf_cottage
D:3:      layout_rooms, chequers_temple_overflow_minitemple,
          grunt_temple_overflow_open
D:4:      layout_rooms, lemuel_crystal_altar, serial_bayou,
          serial_bayou_lagoon_a, serial_bayou_pond_c, serial_bayou_pond_d,
          serial_bayou_crossing, lightli_ossuary_entry_decrepit_ruins,
          uniq_blork_the_orc, uniq_eustachio
Ossuary:  ossuary_due_mausoleum

Skill      XL: |  1  2  3  4 |
---------------+-------------+-----
Stealth        | 2 3 4 |  4.0
Fighting       | 2 |  2.0
Unarmed Combat | 4 |  4.6
Dodging        | |  2.0
Spellcasting   | |  2.0
Transmutations | |  2.0

Action                   |  1- 3 |  4- 6 || total
-------------------------+-------+-------++-------
Melee: Unarmed           |    72 |   110 ||   182
       Kick              |     7 |    17 ||    24
       Constrict         |    21 |    42 ||    63
       Tentacles         |     8 |    12 ||    20
       Punch             |     2 |     2 ||     4
Throw: Dart              |     6 |    10 ||    16
       Boomerang         |       |     2 ||     2
 Cast: Beastly Appendage |    10 |    12 ||    22
       Wereblood         |     1 |     7 ||     8
Evoke: Wand              |       |     3 ||     3
  Use: Scroll            |       |     5 ||     5
 Stab: Sleeping          |     6 |     5 ||    11
Armor: Skin              |     6 |     9 ||    15
Dodge: Dodged            |    37 |    60 ||    97

Table legend: (Time is in decaauts)
 A = Elapsed time spent in this place.
 B = Non-inter-level travel time spent in this place.
 C = Inter-level travel time spent in this place.
 D = Time resting spent in this place.
 E = Time spent auto-exploring this place.
 F = Levels seen in this place.
 G = Mean time per level.
                   A        B        C        D        E       F      G
               +--------+--------+--------+--------+--------+-----+--------+
         Total |   3990 |   3874 |    116 |    363 |   2881 |   5 |  798.0 |
       Dungeon |   3559 |   3443 |    116 |    113 |   2881 |   4 |  889.8 |
       Ossuary |    430 |    430 |      0 |    250 |      0 |   1 |  430.0 |
               +--------+--------+--------+--------+--------+-----+--------+

Top non-repeatable levels by time:
     D:2: 1388 daAuts
     D:1: 1203 daAuts
     D:3: 959 daAuts
 Ossuary: 430 daAuts
     D:4: 7 daAuts
